 Dungeon Crawl Stone Soup version 0.30.0-29-ga12c61a403 (webtiles) character file.

Game seed: 13031303862598247545

24587 AlexRAT the Fighter (level 12, -20/115 HPs)
             Began as a Minotaur Berserker on June 9, 2023.
             Was a High Priest of Trog.
             Demolished by an ettin
             ... wielding a +0 great mace
              (22 damage)
             ... on level 2 of the Orcish Mines.
             The game lasted 00:32:30 (17770 turns).

AlexRAT the Fighter (Minotaur Berserker)           Turns: 17770, Time: 00:32:30

Health: -20/115    AC: 10    Str: 28    XL:     12   Next: 82%
Magic:  11/11      EV: 15    Int:  4    God:    Trog [*****.]
Gold:   1671       SH:  0    Dex:  9    Spells: 11/11 levels left

rFire   + . .        a - +0 hand axe (elec)
rCold   . . .        (no shield)
rNeg    . . .        f - +0 ring mail
rPois   .            (helmet restricted)
rElec   .            E - +1 cloak
rCorr   .            (no gloves)
SInv    .            (no boots)
Will    +....        p - amulet of the acrobat Stlth
                     q - ring of protection from fire
HPRegen 0.39/turn    y - ring of willpower
MPRegen 0.12/turn

%: acrobat
@: no status effects
A: horns 2, retaliatory headbutt
a: Renounce Religion, Berserk, Trog's Hand, Brothers in Arms


You were on level 2 of the Orcish Mines.
You worshipped Trog.
Trog was extremely pleased with you.
You visited 3 branches of the dungeon, and saw 16 of its levels.
You also visited: Ossuary.

You collected 1671 gold pieces.

Inventory:

Hand Weapons
 a - a +0 hand axe of electrocution (weapon)
Missiles
 k - 11 curare-tipped darts
 o - 26 poisoned darts (quivered)
Armour
 f - a +0 ring mail (worn)
 E - a +1 cloak (worn)
Jewellery
 b - a ring of flight
 p - an amulet of the acrobat (around neck)
 q - a ring of protection from fire (left hand)
 y - a ring of willpower (right hand)
Wands
 d - a wand of flame (12)
 x - a wand of paralysis (10)
 C - a wand of mindburst (32)
 K - a wand of iceblast (7)
Scrolls
 c - 4 scrolls of fear
 h - 7 scrolls of teleportation
 i - a scroll of brand weapon
 j - a scroll of magic mapping
 l - 4 scrolls of enchant weapon
 m - 4 scrolls of blinking
 v - a scroll of butterflies
 w - a scroll of fog
 F - 3 scrolls of identify
 G - a scroll of poison {unknown}
Potions
 e - 2 potions of resistance
 g - 3 potions of magic
 n - 3 potions of invisibility {unknown}
 r - 3 potions of attraction {unknown}
 s - 3 potions of might {unknown}
 t - 3 potions of berserk rage {unknown}
 u - 2 potions of flight {unknown}
 z - 4 potions of mutation {unknown}
 A - 5 potions of brilliance {unknown}
 B - 3 potions of heal wounds {unknown}
 D - 10 potions of curing
 H - a potion of haste {unknown}
 I - a potion of lignification {unknown}
 J - 4 potions of cancellation {unknown}
 L - a potion of ambrosia {unknown}


   Skills:
 + Level 13.5 Fighting
 + Level 13.5 Axes
 + Level 13.3 Armour
 + Level 12.2 Dodging


You had 11 spell levels left.
You didn't know any spells.
Your spell library was empty.

Dungeon Overview and Level Annotations

Branches:
Dungeon (11/15)            Temple (0/1) D:7            Lair (3/5) D:10
  Swamp (0/4) Lair:2        Snake (0/4) Lair:2          Orc (2/2) D:9
Ossuary (visited)
    Elf: Orc:2

Altars:
Ashenzari
Dithmenos
Kikubaaqudgha
Okawaru
Ru
Sif Muna
Uskayaw
Vehumet
Wu Jian
Yredelemnul
Zin

Shops:
D:2 (   D:4 *   D:7 **   Orc:1 *

Portals:
Trove: D:11 (give +6 demon trident)

Annotations:
Orc:1 1 runed translucent door, zacktheperson's ghost, journeyman TeAE


Innate Abilities, Weirdness & Mutations

You have a pair of horns on your head.
You reflexively headbutt those who attack you in melee.


Message History

The orc wizard flickers and vanishes!
Deactivating autopickup; reactivate with Ctrl-A.
Found 39 gold pieces.
There is a stone staircase leading up here.
The ettin shouts in stereo!
You hear a shout!
Something misses you.
You barely miss something. Your headbutt misses something. You miss something.
You hear some strange, mumbled words.
Something tries to affect you, but you resist.
You hit something but do no damage. You hit something but do no damage.
Something barely misses you.
You hit something. Lightning courses through something! Trog accepts your kill.
Trog appreciates your killing of a magic user.
Reactivating autopickup.
You feel a bit more experienced.
You hit the ettin.
The ettin hits you with a +0 great mace!!
The ettin closely misses you.
You slash the ettin! Lightning courses through the ettin!
You headbutt the ettin!
The ettin is severely wounded.
You hit the ettin. Your headbutt misses the ettin.
The ettin is severely wounded.
The ettin hits you with a +0 great mace!
The ettin hits you with a +0 dire flail!!
You slash the ettin!
You headbutt the ettin, but do no damage.
The ettin is almost dead.
The ettin hits you but does no damage.
The ettin hits you with a +0 dire flail!
* * * LOW HITPOINT WARNING * * *
You hit the ettin.
The ettin is almost dead.
You hit the ettin but do no damage.
The ettin is almost dead.
The ettin hits you with a +0 great mace!!
* * * LOW HITPOINT WARNING * * *
The ettin hits you with a +0 dire flail!!
You die...

### ##.# #### #.## ##..## ##
####.#### .##. #....##.#
#.......# # #.#.. ##......##
#......#### ##....$.. #...)@C..#
#........#.
...........#...###..###...##...##
......#......<## #........###..#.
...## ##.....## ##.......###.....
....# #...... #........[##..... #
.....#. ##.....[)<[Co)รท.. .#
$$...#.....))..#...))..[... ##
.... .#.....#####.......### # ..#
......# ##...#.##


You could see an ettin.

Vanquished Creatures
  The ghost of SnailSD the Cleaver, a journeyman MiBe of Trog (D:9)
  A boulder beetle (D:11)
  A two-headed ogre (D:9)
  Sonja (Lair:1)
  A skyshark (Lair:3)
  Amaemon (Lair:2)
  3 orc sorcerers
  A salamander (Lair:2)
  An orange demon (Lair:2)
  2 black mambas (Lair:1)
  3 cane toads
  5 komodo dragons
  An unseen horror (D:11)
  2 guardian mummies (D:11)
  A tyrant leech (Lair:2)
  2 trolls (D:10)
  3 polar bears
  5 blink frogs (Lair:3)
  2 shadows
  A wraith (D:11)
  Sigmund (D:2)
  A slime creature (D:11)
  3 wyverns
  24 yaks
  A steam dragon (D:8)
  Grum (D:8)
  A basilisk (Lair:3)
  2 wargs
  Menkaure (D:4)
  2 vampire mosquitoes (D:11)
  3 water moccasins
  4 swamp worms (Lair:2)
  22 orc warriors
  3 black bears
  4 sky beasts
  4 ogres
  An ice beast (D:5)
  5 wolves
  4 centaurs
  Blork the orc (D:5)
  9 bullfrogs
  2 gnoll sergeants
  2 scorpions
  3 wights (D:8)
  3 killer bees (D:11)
  2 electric eels
  3 howler monkeys
  2 jellies (D:6)
  A crimson imp (D:8)
  9 hounds
  4 lava snakes (Lair:2)
  15 orc priests
  Jessica (D:2)
  4 iguanas
  A sleepcap (D:7)
  26 orc wizards
  8 mummies (Ossuary)
  Robin (D:4)
  4 gnolls (D:10)
  8 adders
  A shadow imp (D:8)
  2 white imps (D:8)
  4 worms
  A dart slug (D:1)
  78 orcs
  8 bats
  2 bat zombies (D:10)
  6 endoplasms
  7 giant cockroaches
  A gnoll zombie (Ossuary)
  19 goblins
  8 hobgoblins
  8 kobolds
  5 quokkas
  11 ball pythons
  4 frilled lizards
  4 kobold zombies (Ossuary)
  3 orc zombies (Ossuary)
  8 rats
  A rat zombie (D:10)
415 creatures vanquished.

Notes
Turn   | Place    | Note
-------+----------+-------------------------------------------
     0 | D:1      | AlexRAT the Minotaur Berserker began the quest for the Orb.
     0 | D:1      | Reached XP level 1. HP: 19/19 MP: 0/0
   184 | D:1      | Reached XP level 2. HP: 23/27 MP: 1/1
   334 | D:1      | Reached XP level 3. HP: 33/33 MP: 2/2
   683 | D:1      | Reached ** piety under Trog
   796 | D:2      | Found a broken altar of Ashenzari.
   923 | D:2      | Noticed Sigmund
   929 | D:2      | Killed Sigmund
   930 | D:2      | Reached skill level 5 in Fighting
   930 | D:2      | Reached XP level 4. HP: 42/42 MP: 3/3
   930 | D:2      | Reached XP level 5. HP: 48/48 MP: 4/4
   961 | D:2      | Reached skill level 5 in Axes
  1301 | D:2      | Found Ohye's Antique Weapon Shoppe.
  1644 | D:2      | Identified the +7 flail of Vaud {vamp, *Noise rC++ Int-5
                  | SInv}
  1650 | D:2      | Noticed Jessica
  1657 | D:2      | Killed Jessica
  1658 | D:2      | Reached XP level 6. HP: 56/56 MP: 5/5
  2270 | D:3      | Reached *** piety under Trog
  2380 | D:4      | Noticed Robin
  2387 | D:4      | Found Zin's Purification Station.
  2393 | D:4      | Killed Robin
  2397 | D:4      | Found a glowing silver altar of Zin.
  2431 | D:4      | Found a shadowy altar of Dithmenos.
  2465 | D:4      | Noticed Menkaure
  2465 | D:4      | You fall into a shaft and drop 1 floor!
  2465 | D:5      | Entered Level 5 of the Dungeon
  2652 | D:5      | Reached skill level 5 in Armour
  2652 | D:5      | Reached XP level 7. HP: 51/62 MP: 6/6
  2756 | D:5      | Noticed Blork the orc
  2767 | D:5      | Killed Blork the orc
  2848 | D:5      | Reached skill level 5 in Dodging
  2966 | D:5      | Found a broken altar of Ashenzari.
  3279 | D:4      | Killed Menkaure
  3280 | D:4      | Reached XP level 8. HP: 54/71 MP: 7/7
  5365 | D:7      | Found Ituhiwk's General Store.
  5519 | D:7      | Found a sand-covered staircase.
  5524 | Ossuary  | Entered an ossuary
  5538 | Ossuary  | Reached **** piety under Trog
  5897 | D:7      | Found a staircase to the Ecumenical Temple.
  5966 | D:7      | Found Xaost's Specific Store.
  6062 | D:7      | Reached XP level 9. HP: 73/81 MP: 8/8
  6887 | D:8      | Found an ornate altar of the Wu Jian Council.
  7140 | D:8      | Found a hide-covered altar of Uskayaw.
  7140 | D:8      | Found an iron altar of Okawaru.
  7183 | D:8      | Found a sacrificial altar of Ru.
  7256 | D:8      | Noticed Grum
  7266 | D:8      | Killed Grum
  7401 | D:8      | Found a basalt altar of Yredelemnul.
  7604 | D:8      | Found a radiant altar of Vehumet.
  7737 | D:9      | Noticed a two-headed ogre
  7977 | D:8      | Reached XP level 10. HP: 91/91 MP: 9/9
  8183 | D:9      | Killed a two-headed ogre
  8443 | D:9      | Reached skill level 10 in Fighting
  8452 | D:9      | Found a staircase to the Orcish Mines.
  8458 | D:9      | Reached skill level 10 in Axes
  8719 | D:9      | Found a shimmering blue altar of Sif Muna.
  8813 | D:9      | Found a runed translucent door.
  8828 | D:9      | Noticed SnailSD's ghost (journeyman MiBe)
  8967 | D:10     | Entered Level 10 of the Dungeon
  8982 | D:10     | Found a staircase to the Lair.
  9010 | D:10     | Reached skill level 10 in Armour
  9149 | D:10     | Reached ***** piety under Trog
  9503 | D:10     | Found an ancient bone altar of Kikubaaqudgha.
  9575 | Lair:1   | Entered Level 1 of the Lair of Beasts
  9575 | Lair:1   | Noticed a black mamba
  9581 | Lair:1   | Killed a black mamba
  9747 | Lair:1   | Reached XP level 11. HP: 100/101 MP: 10/10
 10263 | Lair:1   | Reached skill level 10 in Dodging
 10596 | Lair:1   | Noticed Sonja
 10608 | Lair:1   | Killed Sonja
 11180 | D:11     | Noticed a boulder beetle
 11195 | D:11     | Killed a boulder beetle
 11567 | D:11     | Found a portal to a secret trove of treasure.
 12263 | D:11     | Found the amulet of Elemental Vulnerability {rPois rF--
                  | rC-- AC+8}
 13240 | Lair:2   | Found a staircase to the Swamp.
 13247 | Lair:2   | Noticed Amaemon
 13262 | Lair:2   | Killed Amaemon
 13263 | Lair:2   | Reached XP level 12. HP: 113/113 MP: 11/11
 13807 | Lair:2   | Found a staircase to the Snake Pit.
 16107 | Orc:1    | Entered Level 1 of the Orcish Mines
 16554 | Orc:1    | Found Rysace's Overcharged Wands.
 16569 | Orc:1    | Received a gift from Trog
 16717 | Orc:1    | Found a runed translucent door.
 16718 | Orc:1    | Noticed zacktheperson's ghost (journeyman TeAE)
 16983 | Orc:2    | Entered Level 2 of the Orcish Mines
 17236 | Orc:2    | Noticed an ettin
 17712 | D:9      | Killed SnailSD's ghost
 17770 | Orc:2    | HP: 2/115 [ettin/+0 great mace (32)]
 17770 | Orc:2    | Demolished by an ettin

Illustrated notes

Levels and vault maps discovered:
D:1:      reono_arrival_mine, layout_basic, nicolae_wormholes
D:2:      layout_basic, serial_shops, shop, basic_altar, uniq_jessica,
          uniq_sigmund
D:3:      layout_loops_ring, dk_vineyard_3, minmay_misc_feat_square
D:4:      layout_rooms, zin_purify, lemuel_crystal_altar, uniq_menkaure,
          uniq_robin
D:5:      layout_basic, nicolae_ashenzari_panopticon, uniq_blork_the_orc
D:6:      layout_gridville
D:7:      kb_forest_paths, layout_basic, enter_ossuary_5, serial_aquarium,
          aquarium_bridge_long_joined [aquarium_subvault_wall,
          aquarium_subvault_wall, aquarium_subvault_wall,
          aquarium_subvault_bridge, aquarium_subvault_bridge,
          aquarium_subvault_bridge], aquarium_window_corridor_2,
          aquarium_window_fake, aquarium_window_fake, aquarium_view_2d,
          aquarium_view_2f, aquarium_pool_corner, nicolae_specific_store,
          hangedman_decor_riveting
D:8:      layout_rooms, nicolae_wu_jian_wuxing_cycle, old_standard_altar,
          nicolae_ru_great_annihilating_truth, gammafunk_temple_overflow_pools,
          kennysheep_mini, minmay_fire_ice_demons, uniq_grum
D:9:      layout_rooms, led_sif_book, erik_orc_4, ebering_ghost_reflecting_pool
D:10:     layout_basic, lemuel_zombie_altar_kikubaaqudgha, erik_lair_island
D:11:     layout_basic, nicolae_trove_entry_path_of_doom, minmay_diced_spiral
Lair:1:   layout_cave_pods, grunt_megastairs_4, serial_bayou_shore_b, uniq_sonja
Lair:2:   layout_loops_ring, swamp_mist, nicolae_snake_entry_warm_welcome,
          worms_lemuel, lemuel_fruit_tree, uniq_amaemon
Lair:3:   layout_chaotic_city, gammafunk_lair_bear_cave
Orc:1:    layout_caves, basic_altar, gammafunk_ghost_grave,
          nicolae_shop_overcharged_wands
Orc:2:    st_orc_rangers, layout_diamond_mine

Skill      XL: |  1  2  3  4  5  6  7  8  9 10 11 12 |
---------------+-------------------------------------+-----
Fighting       | 4 5 6 7 9 10 12 13 | 13.5
Axes           | 4 5 6 7 9 10 12 13 | 13.5
Armour         | 3 4 5 6 7 9 10 12 13 | 13.3
Dodging        | 3 4 5 6 8 9 11 12 | 12.2

Action                     |  1- 3 |  4- 6 |  7- 9 | 10-12 || total
---------------------------+-------+-------+-------+-------++-------
  Melee: Hand axe          |    71 |   101 |   327 |   661 ||  1160
         Headbutt          |    14 |    18 |    74 |   149 ||   255
         Punch             |     1 |       |     2 |     7 ||    10
  Throw: Dart              |       |       |       |     1 ||     1
 Invoke: Berserk           |     2 |     3 |     4 |    16 ||    25
         Trog's Hand       |       |       |       |     2 ||     2
    Use: Scroll            |       |       |     1 |    15 ||    16
         Potion            |       |       |     1 |       ||     1
   Stab: Paralysed         |       |       |     1 |       ||     1
 Armour: Ring mail         |    21 |    38 |    88 |   118 ||   265
         Animal skin       |     1 |       |       |       ||     1
  Dodge: Dodged            |    42 |    62 |   196 |   352 ||   652
